 Dungeon Crawl Stone Soup version 0.25.0-45-g978344163c (webtiles) character file.

Game seed: 9628845426863915538

106 Ethylacetat the Sneak (level 4, -3/40 HPs)
             Began as a Naga Assassin on July 11, 2020.
             Slain by a gnoll
             ... wielding a +0 flail
              (10 damage)
             ... on level 3 of the Dungeon.
             The game lasted 00:04:00 (2210 turns).

Ethylacetat the Sneak (Naga Assassin)               Turns: 2210, Time: 00:04:00

Health: -3/40      AC:  3    Str: 14    XL:     4   Next: 84%
Magic:  4/4        EV: 10    Int: 12    God:
Gold:   109        SH:  0    Dex: 12    Spells: 3/3 levels left

rFire    . . .     SeeInvis +   p - +0 trident (curse)
rCold    . . .     Gourm    .   (no shield)
rNeg     . . .     Faith    .   b - +0 robe
rPois    +         Spirit   .   (no helmet)
rElec    .         Reflect  .   c - +0 cloak
rCorr    .         Harm     .   (no gloves)
MR       .....                  (no barding)
Stlth    +++.......             (no amulet)
HPRegen  0.13/turn              (no ring)
MPRegen  0.09/turn              (no ring)

@: very slow
A: large, see invisible, deformed body, poison resistance, slowness 2, slow
metabolism 1, spit poison 1, AC +1
a: Spit Poison


You were on level 3 of the Dungeon.
You were not hungry.

You visited 1 branch of the dungeon, and saw 3 of its levels.

You collected 109 gold pieces.

Inventory:

Hand Weapons
 a - a +2 dagger
 p - a cursed +0 trident (weapon)
Missiles
 d - 24 poisoned darts (quivered)
 e - 2 curare-tipped darts
Armour
 b - a +0 robe (worn)
 c - a +0 cloak (worn)
Scrolls
 h - a scroll of fear {unknown}
 j - 3 scrolls of identify {unknown}
 k - 2 scrolls of remove curse {unknown}
 l - a scroll of magic mapping {unknown}
 m - a scroll of enchant weapon {unknown}
 n - a scroll of noise {unknown}
 q - a scroll of immolation {unknown}
 t - a scroll of random uselessness {unknown}
Potions
 g - a potion of flight {unknown}
 i - a potion of curing {unknown}
 o - 2 potions of haste {unknown}
 r - a potion of magic {unknown}
 s - a potion of heal wounds {unknown}
Comestibles
 f - 6 rations
 u - 3 chunks of flesh


   Skills:
 + Level 2.6 Fighting
 + Level 2.6 Short Blades
 + Level 0.1 Polearms
 + Level 2.4 Throwing
 + Level 1.5 Dodging
 + Level 7.0 Stealth


You had 3 spell levels left.
You didn't know any spells.
Your spell library was empty.

Dungeon Overview and Level Annotations

Branches:
Dungeon (3/15)

Altars:


Innate Abilities, Weirdness & Mutations

You cannot wear boots.
Your serpentine skin is tough. (AC +1)
You have supernaturally acute eyesight. (SInv)
Armour fits poorly on your strangely shaped body.
Your system is resistant to poisons. (rPois)
You cover ground very slowly.
You have a slow metabolism.
You can spit poison.


Message History

The gnoll hits you with a +0 flail.
You barely miss the gnoll.
The gnoll is heavily wounded.
The gnoll hits you with a +0 flail. The gnoll closely misses you.
You are too injured to fight recklessly!
You are too injured to fight recklessly!
You are too injured to fight recklessly!
You closely miss the gnoll.
The gnoll is heavily wounded.
The gnoll hits you with a +0 flail!
* * * LOW HITPOINT WARNING * * *
The gnoll shouts! x2
You hit the gnoll.
The gnoll is almost dead.
The gnoll hits you with a +0 flail.
* * * LOW HITPOINT WARNING * * *
You hit the gnoll but do no damage.
The gnoll is almost dead.
The gnoll hits you with a +0 flail!
You die...

#...#.# #..# #
##)##.# #..#.#
#.##.#####..#.#
##.##..........#
##.#.#######..###
##.###.# #..#
.รท## #.# #..#
##.# ##
#?.########. #.#
#...@g..g.gg #.#
#.#########. ...
...# ### #####


You could see 4 gnolls.

Vanquished Creatures
  3 adders
  An ooze (D:3)
  2 worms (D:2)
  3 dart slugs
  4 leopard geckos
  4 orcs (D:3)
  A ball python (D:1)
  A giant cockroach (D:1)
  4 goblins (D:1)
  7 hobgoblins
  2 jackals (D:1)
  A quokka (D:3)
  6 bats
  2 frilled lizards
  7 kobolds
  7 rats
55 creatures vanquished.

Notes
Turn   | Place    | Note
-------+----------+-------------------------------------------
     0 | D:1      | Ethylacetat the Naga Assassin began the quest for the Orb.
     0 | D:1      | Reached XP level 1. HP: 19/19 MP: 1/1
   183 | D:1      | Reached skill level 1 in Dodging
   183 | D:1      | Reached skill level 6 in Stealth
   183 | D:1      | Reached XP level 2. HP: 22/26 MP: 2/2
   668 | D:1      | Reached XP level 3. HP: 32/32 MP: 3/3
  1167 | D:2      | Reached XP level 4. HP: 37/40 MP: 4/4
  1197 | D:2      | Found a faded altar of an unknown god.
  2199 | D:3      | Reached skill level 7 in Stealth
  2210 | D:3      | Slain by a gnoll

Illustrated notes

Levels and vault maps discovered:
D:1:      minmay_arrival_four_houses, layout_basic, minmay_tromino_v2
D:2:      layout_rooms, chequers_ecumenical_altar_island
D:3:      layout_loops_ring, lemuel_coloured_pillars_altar

Skill      XL: |  1  2  3  4 |
---------------+-------------+-----
Dodging        | 1 |  1.5
Stealth        | 6 7 |  7.0
Throwing       | 2 |  2.4
Fighting       | |  2.6
Short Blades   | |  2.6
Polearms       | |  0.1

Action                   |  1- 3 |  4- 6 || total
-------------------------+-------+-------++-------
Melee: Dagger            |    76 |       ||    76
       Trident           |     3 |    74 ||    77
 Abil: Spit Poison       |     4 |       ||     4
 Stab: Sleeping          |    10 |    10 ||    20
       Distracted        |     1 |     1 ||     2
  Eat: Chunk             |       |     3 ||     3
Armor: Robe              |     7 |     8 ||    15
Dodge: Dodged            |    29 |    27 ||    56
